 Dungeon Crawl Stone Soup version 0.30-a0-1074-g5db6f66fbb (webtiles) character file.

Game seed: 1813160692967505825

142 bande the Covered (level 5, -11/33 HPs)
             Began as a Gargoyle Fighter on Apr 13, 2023.
             Mangled by an ogre
             ... wielding a +0 giant club
              (12 damage)
             ... on level 3 of the Dungeon.
             The game lasted 00:04:37 (2327 turns).

bande the Covered (Gargoyle Fighter)                Turns: 2327, Time: 00:04:37

Health: -11/33     AC: 13    Str: 20    XL:     5   Next: 25%
Magic:  5/5        EV:  7    Int:  8    God:
Gold:   142        SH:  4    Dex: 11    Spells: 4/4 levels left

rFire   . . .      SeeInvis .    a - +0 war axe
rCold   + . .      Faith    .    c - +0 buckler
rNeg    + . .      Spirit   .    n - +0 chain mail {rC+}
rPois   ∞          Reflect  .    (no helmet)
rElec   +          Rampage  .    (no cloak)
rCorr   .                        (no gloves)
Will    .....                    (no boots) Stlth
                                 (no amulet)
HPRegen 0.25/turn                (no ring)
MPRegen 0.09/turn                (no ring)

@: no status effects
A: sickness immunity, AC +4, negative energy resistance 1, electricity
resistance, torment resistance 1, petrification resistance
a: no special abilities


You were on level 3 of the Dungeon.
You visited 1 branch of the dungeon, and saw 3 of its levels.

You collected 142 gold pieces.

Inventory:

Hand Weapons
 a - a +0 war axe (weapon)
 p - a +0 flail
Armour
 c - a +0 buckler (worn)
 n - a +0 chain mail of cold resistance (worn)
Jewellery
 q - a +6 ring of dexterity
Scrolls
 e - 3 scrolls of teleportation {unknown}
 g - 4 scrolls of identify {unknown}
 h - a scroll of blinking {unknown}
 k - a scroll of amnesia {unknown}
 l - a scroll of poison {unknown}
 o - a scroll of magic mapping {unknown}
Potions
 b - 2 potions of attraction {unknown}
 d - a potion of might
 f - 5 potions of heal wounds {unknown}
 i - a potion of flight {unknown}
 j - a potion of cancellation {unknown}
 m - 2 potions of curing {unknown}
 r - 2 potions of invisibility {unknown}
 s - a potion of brilliance {unknown}
 t - a potion of magic {unknown}


   Skills:
 + Level 4.1 Fighting
 + Level 3.6 Axes
 + Level 4.1 Armour
 + Level 3.6 Shields


You had 4 spell levels left.
You didn't know any spells.
Your spell library contained the following spells:

 Spells                   Type           Power      Damage    Failure   Level
 Chain Lightning          Conj/Air       0%         N/A       100%        9
 Fire Storm               Conj/Fire      0%         5d1       100%        9
 Shatter                  Erth           0%         3d5*      100%        9


Dungeon Overview and Level Annotations

Branches:
Dungeon (3/15)

Altars:
Dithmenos
Hepliaklqana


Innate Abilities, Weirdness & Mutations

You are immune to sickness and miasma.
Your stone body is resilient. (AC +4)
You are immune to poison.
You resist negative energy. (rN+)
You are resistant to electric shocks. (rElec)
You are resistant to unholy torment.
You are immune to petrification.


Message History

You barely miss the frilled lizard.
The frilled lizard bites you but does no damage. x2
You hit the frilled lizard but do no damage.
You block the frilled lizard's attack.
You completely miss the frilled lizard.
The frilled lizard bites you but does no damage.
You closely miss the frilled lizard.
The frilled lizard closely misses you. x2
You slash the frilled lizard!
You kill the frilled lizard!
No target in view!
No target in view!
You now have 142 gold pieces (gained 17).
s - a blue potion
t - a bubbling blue potion An ogre comes into view.
It is wielding a +0 giant club.
The ogre shouts!
An ogre is nearby!
Found a dented jasper amulet.
A quokka comes into view.
A worm comes into view.
You hit the ogre but do no damage. The ogre hits you with a +0 giant club!
You barely miss the ogre. The ogre barely misses you.
You barely miss the ogre. You block the ogre's attack.
You barely miss the ogre. The ogre hits you with a +0 giant club!
Ouch! That really hurt!
* * * LOW HITPOINT WARNING * * *
The quokka bites you but does no damage.
A dart slug comes into view.
You are too injured to fight recklessly!
You are too injured to fight recklessly!
You are too injured to fight recklessly!
You are too injured to fight recklessly!
You are too injured to fight recklessly!
You are too injured to fight recklessly!
You are too injured to fight recklessly!
Unknown command.
You hit the ogre.
The ogre is lightly wounded.
You barely miss the quokka. You block the quokka's attack.
The ogre hits you with a +0 giant club!
You die...

#...#.. ....w≈.
.......####+# ....~≈≈
#............ .....~~
#............ .......
#.......####. ...w.".
###.......# #.
.......###.........# +.
......O#...#.#.....####.
......r@.##..#....†.....
......#####.............
..... #...............
.... #..##...........
... #..##........... ..
#..##........... .
#..#............
..#............#
#..#.#..........#


You could see an ogre, a worm, a dart slug and a quokka.

Vanquished Creatures
  3 adders
  4 gnolls (D:2)
  2 worms (D:2)
  A dart slug (D:2)
  7 bats
  5 endoplasms
  5 giant cockroaches (D:1)
  4 goblins
  6 hobgoblins
  4 jackals (D:1)
  A quokka (D:2)
  3 ball pythons
  7 frilled lizards
  10 kobolds
  7 rats
69 creatures vanquished.

Vanquished Creatures (others)
  A plant (D:3)
1 creature vanquished.

Grand Total: 70 creatures vanquished

Notes
Turn   | Place    | Note
-------+----------+-------------------------------------------
     0 | D:1      | bande the Gargoyle Fighter began the quest for the Orb.
     0 | D:1      | Reached XP level 1. HP: 14/14 MP: 1/1
   128 | D:1      | Reached XP level 2. HP: 19/19 MP: 2/2
   406 | D:1      | Reached XP level 3. HP: 16/24 MP: 3/3
  1228 | D:2      | Reached XP level 4. HP: 19/29 MP: 4/4
  1936 | D:2      | Reached XP level 5. HP: 33/33 MP: 5/5
  2189 | D:3      | Found a shadowy altar of Dithmenos.
  2190 | D:3      | Found a hazy altar of Hepliaklqana.
  2192 | D:3      | Noticed a shadow
  2321 | D:3      | Noticed an ogre
  2326 | D:3      | HP: 1/33 [ogre/+0 giant club (17)]
  2327 | D:3      | Mangled by an ogre

Illustrated notes

Levels and vault maps discovered:
D:1:      minmay_arrival_solitary_statue, layout_basic, grunt_decor_one_mirror
D:2:      layout_basic
D:3:      corexii_shack_village, layout_rooms,
          riverfiend_overflow_shadow_ancestor, kennysheep_slug_shrine

Skill      XL: |  1  2  3  4 |
---------------+-------------+-----
Axes           | 2 3 |  3.6
Fighting       | 4 |  4.1
Armour         | 4 |  4.1
Shields        | |  3.6

Action                     |  1- 3 |  4- 6 || total
---------------------------+-------+-------++-------
  Melee: War axe           |   108 |    99 ||   207
 Armour: Scale mail        |    49 |       ||    49
         Chain mail        |     2 |    54 ||    56
  Dodge: Dodged            |    64 |    42 ||   106
  Block: Buckler           |    20 |    25 ||    45

Table legend: (Time is in decaauts)
 A = Elapsed time spent in this place.
 B = Non-inter-level travel time spent in this place.
 C = Inter-level travel time spent in this place.
 D = Time resting spent in this place.
 E = Time spent auto-exploring this place.
 F = Levels seen in this place.
 G = Mean time per level.
                   A        B        C        D        E       F      G
               +--------+--------+--------+--------+--------+-----+--------+
         Total |   2409 |   2345 |     64 |    290 |   1475 |   3 |  803.0 |
       Dungeon |   2409 |   2345 |     64 |    290 |   1475 |   3 |  803.0 |
               +--------+--------+--------+--------+--------+-----+--------+

Top non-repeatable levels by time:
     D:2: 1312 daAuts
     D:1: 942 daAuts
     D:3: 155 daAuts
